 Dungeon Crawl Stone Soup version 0.23.2-1-ga50397a (webtiles) character file.

Game seed: 2845688292061077775

1014 Gazerockf the Fighter (level 8, -7/81 (82) HPs)
             Began as a Minotaur Berserker on May 5, 2019.
             Was a Believer of Trog.
             Mangled by an ice beast (11 damage)
             ... on level 5 of the Dungeon.
             The game lasted 00:08:01 (2528 turns).

Gazerockf the Fighter (Minotaur Berserker)          Turns: 2528, Time: 00:08:02

HP:   -7/81 (82)    AC:  2    Str: 25    XL:     8   Next: 1%
MP:   7/7           EV: 12    Int:  4    God:    Trog [**....]
Gold: 119           SH:  5    Dex:  9    Spells: 7/7 levels left

rFire    . . .     SeeInvis .   a - +0 hand axe
rCold    . . .     Gourm    .   (no shield)
rNeg     . . .     Faith    .   b - +0 animal skin
rPois    .         Spirit   .   (helmet restricted)
rElec    .         Reflect  +   (no cloak)
rCorr    .         Harm     .   (no gloves)
MR       .....                  (no boots)
Stlth    +.........             d - +5 amulet of reflection
HPRegen  0.23/turn              (no ring)
MPRegen  0.10/turn              (no ring)

@: no status effects
A: retaliatory headbutt, horns 2
a: Berserk, Trog's Hand, Renounce Religion


You were on level 5 of the Dungeon.
You worshipped Trog.
Trog was pleased with you.
You were not hungry.

You visited 1 branch of the dungeon, and saw 4 of its levels.

You collected 119 gold pieces.

Inventory:

Hand Weapons
 a - a +0 hand axe (weapon)
Armour
 b - a +0 animal skin (worn)
Jewellery
 d - a +5 amulet of reflection (around neck)
 g - a cursed amulet of inaccuracy
 i - a +3 amulet of reflection
Scrolls
 f - a scroll of identify
 j - a scroll of remove curse
Potions
 e - 2 potions of magic {unknown}
 h - 2 potions of heal wounds {unknown}
 l - a potion of curing {unknown}
Comestibles
 c - 7 rations
 k - 8 chunks of flesh


   Skills:
 * Level 11.4 Fighting
 - Level 3.6 Axes
 - Level 2.4 Armour
 - Level 2.1 Dodging


You had 7 spell levels left.
You didn't know any spells.
Your spell library was empty.

Dungeon Overview and Level Annotations

Branches:
Dungeon (5/15)             Temple (0/1) D:4

Altars:
Nemelex Xobeh
Sif Muna
Vehumet
Wu Jian
Yredelemnul


Innate Abilities, Weirdness & Mutations

You reflexively headbutt those who attack you in melee.
You have a pair of horns on your head.


Message History

The ice beast is moderately wounded.
You block the ice beast's attack.
Okay, then.
You slash the ice beast!
The ice beast is heavily wounded.
The ice beast barely misses you. You furiously retaliate!
You headbutt the ice beast. You hit the ice beast.
Your headbutt misses the ice beast.
The ice beast is severely wounded.
The ice beast closely misses you.
You hit the ice beast but do no damage.
The ice beast is severely wounded.
The ice beast hits you.
* * * LOW HITPOINT WARNING * * *
The ice beast freezes you!
* * * LOW HITPOINT WARNING * * *
The ice beast hits you.
* * * LOW HITPOINT WARNING * * *
The ice beast freezes you!
You die...

#.#.#..#.5.# ..##.....#
#.#.#.###.###..##.....#
#.#....#...#..# #.....#
##.#......_....# #.....#
.#.###..#...#..# .....######
.#.....###.###.# #........#
.#####..#...#..## #........#
...รท............####........####.
................@..'........>....
#############..Y####.........##
#..........#.........#
#..........#.........#
#..........#.........#
#?.........#.........#
#............#######.#
#............# #.# #######+.....
#.#


You could see an ice beast.

Vanquished Creatures
  Sigmund (D:2)
  A human (D:4)
  2 centaurs (D:5)
  An ogre (D:5)
  A scorpion (D:5)
  A howler monkey (D:5)
  A crimson imp (D:5)
  4 hounds
  2 bullfrog skeletons (D:4)
  An orc priest (D:5)
  An orc wizard (D:4)
  A worker ant (D:4)
  2 adders
  A shadow imp (D:5)
  2 oozes
  An adder skeleton (D:4)
  A worm (D:5)
  4 leopard geckos
  6 orcs
  7 goblins
  5 hobgoblins (D:1)
  7 jackals
  2 ball pythons (D:4)
  2 bats
  A frilled lizard (D:4)
  A jackal zombie (D:4)
  8 kobolds
  A leopard gecko skeleton (D:5)
  3 rats (D:1)
71 creatures vanquished.

Notes
Turn   | Place    | Note
-------+----------+-------------------------------------------
     0 | D:1      | Gazerockf the Minotaur Berserker began the quest for the
                  | Orb.
     0 | D:1      | Reached XP level 1. HP: 19/19 MP: 0/0
   124 | D:1      | Reached skill level 4 in Fighting
   145 | D:1      | Reached XP level 2. HP: 24/28 MP: 1/1
   310 | D:1      | Found a sparkling altar of Nemelex Xobeh.
   636 | D:1      | Reached skill level 5 in Fighting
   663 | D:1      | Reached XP level 3. HP: 34/36 MP: 2/2
   960 | D:2      | Noticed Sigmund
   976 | D:2      | Killed Sigmund
   976 | D:2      | Reached skill level 7 in Fighting
   976 | D:2      | Reached XP level 4. HP: 8/47 MP: 3/3
   976 | D:2      | Reached XP level 5. HP: 9/52 MP: 4/4
  1287 | D:2      | Reached ** piety under Trog
  1306 | D:2      | You fall through a shaft for 2 floors!
  1320 | D:4      | Found a runed translucent door.
  1320 | D:4      | Noticed a human
  1325 | D:4      | Found a basalt altar of Yredelemnul.
  1366 | D:4      | Killed a human
  1366 | D:4      | Reached skill level 8 in Fighting
  1366 | D:4      | Reached XP level 6. HP: 47/62 MP: 5/5
  1466 | D:4      | Found an ornate altar of the Wu Jian Council.
  1470 | D:4      | Found a deep blue altar of Sif Muna.
  1502 | D:4      | Reached skill level 9 in Fighting
  1534 | D:4      | Found a staircase to the Ecumenical Temple.
  2084 | D:5      | Entered Level 5 of the Dungeon
  2093 | D:5      | Reached XP level 7. HP: 67/69 MP: 6/6
  2132 | D:5      | Found a radiant altar of Vehumet.
  2157 | D:5      | Reached skill level 10 in Fighting
  2426 | D:5      | Reached skill level 11 in Fighting
  2509 | D:5      | Reached XP level 8. HP: 62/81 MP: 7/7
  2528 | D:5      | HP: 4/81 [ice beast (3)]
  2528 | D:5      | Mangled by an ice beast

Skill      XL: |  1  2  3  4  5  6  7 |
---------------+----------------------+-----
Fighting       | 4 5 7 8 9 11 | 11.4
Axes           | |  3.6
Armour         | |  2.4
Dodging        | |  2.1

Action                   |  1- 3 |  4- 6 |  7- 9 || total
-------------------------+-------+-------+-------++-------
Melee: Hand axe          |    78 |    65 |    63 ||   206
       Headbutt          |    11 |    16 |    13 ||    40
Invok: Berserk           |     1 |     1 |     1 ||     3
       Trog's Hand       |       |       |     1 ||     1
  Use: Scroll            |     2 |     1 |     2 ||     5
       Potion            |       |     3 |       ||     3
 Stab: Sleeping          |     1 |       |       ||     1
  Eat: Chunk             |       |     6 |     3 ||     9
Armor: Animal skin       |    10 |     7 |     6 ||    23
Dodge: Dodged            |    57 |    37 |    31 ||   125
Block: Other             |     2 |    11 |    16 ||    29
       Reflection        |       |     1 |     1 ||     2
